 Dungeon Crawl Stone Soup version 0.29.0-11-gd7f09526c8 (webtiles) character file.

Game seed: 8406898554140216383

726 Shayle the Ducker (level 7, -3/44 HPs)
             Began as a Tengu Brigand on Sept 5, 2022.
             Slain by Pikel
             ... wielding a +1 whip of electrocution
              (10 damage)
             ... on level 5 of the Dungeon.
             The game lasted 00:12:26 (3699 turns).

Shayle the Ducker (Tengu Brigand)                   Turns: 3699, Time: 00:12:27

Health: -3/44      AC:  4    Str: 12    XL:     7   Next: 72%
Magic:  9/13       EV: 16    Int: 13    God:
Gold:   208        SH:  0    Dex: 15    Spells: 11/13 levels left

rFire   . . .      SeeInvis .   a - +2 dagger
rCold   . . .      Faith    .   (no shield)
rNeg    . . .      Spirit   .   b - +0 robe
rPois   .          Reflect  .   (helmet restricted)
rElec   .          Harm     .   c - +0 cloak
rCorr   .          Rampage  .   n - +0 pair of gloves
Will    .....                   (boots unavailable)
Stlth   +++.......              (no amulet)
HPRegen 0.14/turn               (no ring)
MPRegen 0.13/turn               (no ring)

@: flying quickly and evasively, very slightly contaminated, quick
A: beak, talons 3, nimble flight
a: no special abilities


You were on level 5 of the Dungeon.
You visited 1 branch of the dungeon, and saw 6 of its levels.

You collected 208 gold pieces.

Inventory:

Hand Weapons
 a - a +2 dagger (weapon)
 s - a +0 vampiric scythe
Missiles
 d - 9 poisoned darts (quivered)
Armour
 b - a +0 robe (worn)
 c - a +0 cloak (worn)
 n - a +0 pair of gloves (worn)
Jewellery
 p - an amulet of guardian spirit
Scrolls
 g - 2 scrolls of identify
 h - 2 scrolls of fear
 j - 2 scrolls of poison {unknown}
 k - 3 scrolls of teleportation
 l - 2 scrolls of summoning
 q - 2 scrolls of silence {unknown}
 r - 2 scrolls of amnesia {unknown}
 t - 2 scrolls of enchant armour {unknown}
 u - a scroll of enchant weapon {unknown}
Potions
 f - 2 potions of curing
 i - a potion of berserk rage
 m - a potion of lignification {unknown}
 o - a potion of haste {unknown}
 v - a potion of attraction {unknown}


   Skills:
 + Level 4.9 Fighting
 - Level 2.1 Short Blades
 - Level 2.0 Throwing
 + Level 4.9 Dodging
 - Level 4.0 Stealth
 + Level 3.8 Spellcasting
 + Level 3.1 Air Magic


You had 11 spell levels left.
You knew the following spells:

 Your Spells              Type           Power      Damage    Failure   Level
a - Static Discharge      Conj/Air       6%         3-4/arc   17%         2

Your spell library contained the following spells:

 Spells                   Type           Power      Damage    Failure   Level
 Portal Projectile        Hex/Tloc       4%         N/A       54%         3
 Tukima's Dance           Hex            2%         N/A       54%         3
 Lightning Bolt           Conj/Air       3%         1d14      97%         5
 Blade Hands              Tmut           1%         N/A       99%         5
 Maxwell's Capacitive Co  Air            5%         ∞         100%        8


Dungeon Overview and Level Annotations

Branches:
Dungeon (6/15)
 Temple: D:4-7

Altars:
Elyvilon
Okawaru
Zin

Annotations:
D:5 Pikel


Innate Abilities, Weirdness & Mutations

You have a beak for a mouth.
You have claws for feet.
Your magical nature lets you fly swiftly and evasively.


Message History

Throw: dart (curare)
Press: ? - help, Q - select action, (/) - cycle Shift-Dir - straight line, f/p - Pikel
Aim: Pikel, wielding a +1 whip of electrocution and wearing a +0 robe (55% to hit)
You throw a curare-tipped dart. The curare-tipped dart hits Pikel.
Pikel is poisoned.
Pikel convulses.
Pikel seems to slow down.
Pikel is lightly wounded.
A lemure comes into view.
Pikel hits you with a +1 whip of electrocution!
You are electrocuted!
* * * LOW HITPOINT WARNING * * *
You hit Pikel but do no damage. You claw Pikel. You peck Pikel.
Pikel is moderately wounded.
You completely miss Pikel.
Pikel is moderately wounded.
Pikel hits you with a +1 whip of electrocution.
* * * LOW HITPOINT WARNING * * *
Unknown command.
You feel better. The lemure hits you but does no damage.
Pikel closely misses you.
Casting: Static Discharge (safe; 17% risk of failure)
Confirm with . or Enter, or press ? or * to list all spells.
Pikel is struck by an arc of lightning!
Pikel is heavily wounded.
The lemure is struck by an arc of lightning.
The lemure is lightly wounded.
Pikel is struck by an arc of lightning.
Pikel is heavily wounded.
The lightning grounds out.
The lemure misses you.
Casting: Static Discharge (safe; 17% risk of failure)
Confirm with . or Enter, or press ? or * to list all spells.
You miscast Static Discharge.
You are very lightly contaminated with residual magic.
Nothing appears to happen.
Pikel misses you. The lemure hits you.
* * * LOW HITPOINT WARNING * * *
Unknown command.
You feel better. The lemure hits you.
* * * LOW HITPOINT WARNING * * *
Pikel hits you with a +1 whip of electrocution!
You die...

#...##.(K....# #
#..##........#
##..##.##.......#.
#.................
#....##......>...# ####.
###†.#....# . ##..##.!#
.. ####55#.#.. ..
##..@K5...... ###
#.†........#..#..#
###...#.####...#......
.#....#######...#......
.....####..............
.##..##>...............
#####...Y...............
...#....................
........O...............


You could see Pikel (poisoned, slow) and 3 lemures.

Vanquished Creatures
  Sigmund (D:2)
  A steam dragon (D:6)
  A water moccasin (D:5)
  A phantom (D:5)
  A hound (D:4)
  A jelly (D:4)
  2 iguanas
  2 orc wizards (D:4)
  2 adders
  3 worms
  2 dart slugs
  3 orcs (D:4)
  5 bats
  4 endoplasms
  4 giant cockroaches
  4 goblins
  8 hobgoblins
  3 jackals (D:1)
  4 kobolds
  A quokka (D:2)
  7 ball pythons
  2 frilled lizards (D:1)
  4 rats
66 creatures vanquished.

Notes
Turn   | Place    | Note
-------+----------+-------------------------------------------
     0 | D:1      | Shayle the Tengu Brigand began the quest for the Orb.
     0 | D:1      | Reached XP level 1. HP: 12/12 MP: 2/2
   206 | D:1      | Reached XP level 2. HP: 15/17 MP: 3/3
   494 | D:1      | Reached skill level 1 in Spellcasting
   846 | D:2      | Found a glowing silver altar of Zin.
   915 | D:2      | Reached XP level 3. HP: 22/22 MP: 4/6
   991 | D:2      | Reached XP level 4. HP: 17/28 MP: 7/7
  1717 | D:2      | Noticed Sigmund
  1740 | D:2      | Killed Sigmund
  1741 | D:2      | Gained mutation: Your magical nature lets you fly swiftly
                  | and evasively. [Tengu growth]
  1741 | D:2      | Reached XP level 5. HP: 21/33 MP: 7/10
  1741 | D:2      | Reached XP level 6. HP: 24/38 MP: 7/11
  2106 | D:3      | Found a faded altar of an unknown god.
  2169 | D:3      | Found an iron altar of Okawaru.
  2646 | D:4      | Noticed a black bear
  2751 | D:3      | Learned a level 2 spell: Static Discharge
  2821 | D:4      | Reached skill level 1 in Air Magic
  3121 | D:4      | Found a white marble altar of Elyvilon.
  3135 | D:4      | Identified the +0 chain mail of the Land of Plenty {Rampage
                  | rF+}
  3165 | D:4      | Noticed an ice beast
  3165 | D:4      | You are sucked into a shaft and drop 1 floor!
  3165 | D:5      | Entered Level 5 of the Dungeon
  3179 | D:5      | Noticed an ice beast
  3205 | D:6      | Noticed a steam dragon
  3211 | D:6      | Killed a steam dragon
  3212 | D:6      | Reached XP level 7. HP: 29/44 MP: 7/13
  3676 | D:5      | Noticed Pikel
  3695 | D:5      | HP: 2/44 [Pikel/+1 whip of electrocution (4)]
  3699 | D:5      | Slain by Pikel

Illustrated notes

Levels and vault maps discovered:
D:1:      amcnicky_arrival_feature_with_door, layout_basic
D:2:      layout_loops_ring, basic_altar, minmay_fountain_box,
          serial_bayou_lagoon_b, uniq_sigmund
D:3:      layout_loops_ring, mainiacjoe_overflow_alcove_2,
          chequers_ecumenical_altar_twisty, minmay_misc_feat_alley,
          serial_park_tiny_2
D:4:      layout_rooms, mainiacjoe_overflow_brackets, serial_forest,
          infiniplex_forest_clump_tiny, infiniplex_forest_end_3,
          infiniplex_forest_clump_small, infiniplex_forest_lined_corner,
          infiniplex_forest_clump_small, infiniplex_forest_lined_corner
D:5:      layout_cave_pools, minmay_temple_entry_wispy, uniq_ijyb,
          uniq_blork_the_orc, uniq_pikel
D:6:      layout_gridville, lemuel_doored_altar, kennysheep_another_room,
          minmay_misc_feat_iff, chequers_serial_rivers_micro_e, hex_medium,
          minmay_crystal_room

Skill      XL: |  1  2  3  4  5  6  7 |
---------------+----------------------+-----
Spellcasting   | 1 2 3 |  3.8
Dodging        | 2 3 4 |  4.9
Fighting       | 3 4 |  4.9
Air Magic      | 2 3 |  3.1
Short Blades   | |  2.1
Throwing       | |  2.0
Stealth        | |  4.0

Action                   |  1- 3 |  4- 6 |  7- 9 || total
-------------------------+-------+-------+-------++-------
Melee: Dagger            |    49 |    75 |    36 ||   160
       Kick              |    18 |    17 |    11 ||    46
       Peck              |     4 |     6 |     9 ||    19
       Punch             |       |     1 |     1 ||     2
Throw: Dart              |     4 |     8 |     2 ||    14
 Cast: Static Discharge  |       |     5 |     1 ||     6
  Use: Scroll            |       |     6 |       ||     6
       Potion            |       |     1 |     2 ||     3
 Stab: Sleeping          |     7 |    11 |     2 ||    20
Armor: Robe              |    11 |    11 |     6 ||    28
Dodge: Dodged            |    33 |    42 |    20 ||    95
